 Dungeon Crawl Stone Soup version 0.27.1-3-gb3d3a73c9e (webtiles) character file.

Game seed: 2451017426712426002

387 Gabide the Poker (level 7, -3/78 HPs)
             Began as a Human Monk on Oct 14, 2021.
             Slain by a gnoll shaman (4 damage)
             ... on level 4 of the Dungeon.
             The game lasted 00:12:56 (4259 turns).

Gabide the Poker (Human Monk)                       Turns: 4259, Time: 00:12:56

Health: -3/78      AC: 23    Str: 13    XL:     7   Next: 6%
Magic:  7/7        EV:  2    Int: 11    God:
Gold:   176        SH:  0    Dex: 15    Spells: 6/6 levels left

rFire    . . .     SeeInvis .   b - +4 quarterstaff (chaos)
rCold    . . .     Faith    .   (shield currently unavailable)
rNeg     + + +     Spirit   .   (armour currently unavailable)
rPois    +         Reflect  .   (helmet currently unavailable)
rElec    .         Harm     .   (cloak currently unavailable)
rCorr    .         Rampage  .   (gloves currently unavailable)
Will     .....     NoTele   +   (boots currently unavailable)
Stlth    +.........             (no amulet)
HPRegen  0.23/turn              (no ring)
MPRegen  0.10/turn              (no ring)

@: lit by a corona, tree-form, hasted, glowing, very quick
A: stationary, stasis, torment immunity, boosted hp
a: no special abilities


You were on level 4 of the Dungeon.
You were a tree.
You visited 1 branch of the dungeon, and saw 5 of its levels.

You collected 176 gold pieces.

Inventory:

Hand Weapons
 a - a +0 spear
 b - a +4 quarterstaff of chaos (weapon)
Armour
 c - a +0 pair of gloves (melded)
 d - a +4 chain mail (melded)
 e - a +0 kite shield
 g - +0 fire dragon scales
 h - a +1 ring mail of willpower
 i - a +2 cloak (melded)
Magical Staves
 k - a staff of conjuration
Wands
 l - a wand of iceblast (4)
Scrolls
 f - 2 scrolls of identify


   Skills:
 + Level 3.6 Fighting
 + Level 5.3 Polearms
 + Level 0.5(3.3) Staves
 * Level 4.0 Armour
 - Level 3.1 Dodging
 - Level 2.2 Stealth


You had 6 spell levels left.
You didn't know any spells.
Your spell library contained the following spells:

 Spells                   Type           Power      Damage    Failure   Level
 Sting                    Tmut/Pois      0%         1d3       34%         1
 Ensorcelled Hibernation  Hex/Ice        0%         N/A       47%         2
 Poisonous Vapours        Pois/Air       0%         N/A       47%         2
 Sublimation of Blood     Necr           0%         N/A       47%         2
 Wereblood                Tmut           0%         N/A       47%         2
 Spider Form              Tmut/Pois      0%         N/A       71%         3
 Olgreb's Toxic Radiance  Pois           0%         N/A       98%         4
 Shadow Creatures         Summ           N/A        N/A       100%        6
 Summon Hydra             Summ           0%         N/A       100%        7


Dungeon Overview and Level Annotations

Branches:
Dungeon (5/15)
 Temple: D:4-7

Altars:
Cheibriados


Message History

The gnoll barely misses you.
The gnoll hits you but does no damage. x2
Really quaff the potion of lignification?
You turn into a tree.
Your +2 cloak melds into your body.
Your +0 pair of gloves melds into your body.
Your +4 chain mail melds into your body.
Your roots penetrate the ground.
The gnoll hits you but does no damage.
The gnoll shaman hits you but does no damage.
The gnoll hits you but does no damage. x2; The gnoll hits you with a +0 whip.
* * * LOW HITPOINT WARNING * * *
You are too injured to fight recklessly!
You closely miss the gnoll.
The gnoll is moderately wounded.
The gnoll hits you but does no damage. x2
The gnoll shaman hits you but does no damage.
The gnoll hits you but does no damage. x3
You barely miss the gnoll.
The gnoll is moderately wounded.
The gnoll hits you but does no damage.
The gnoll shaman hits you with a +0 whip.
* * * LOW HITPOINT WARNING * * *
The gnoll hits you but does no damage. x3
The gnoll shaman invokes the aid of its god against you.
You resist with some effort.
You hit the gnoll.
The gnoll is moderately wounded.
The gnoll hits you but does no damage. x4
The gnoll shaman mumbles some strange prayers to its god against you.
You are outlined in light.
You sock the gnoll! You burn the gnoll.
You kill the gnoll!
The gnoll hits you with a +0 flail.
* * * LOW HITPOINT WARNING * * *
The gnoll hits you but does no damage.
The gnoll shaman hits you with a +0 whip.
* * * LOW HITPOINT WARNING * * *
The gnoll hits you with a +0 flail.
* * * LOW HITPOINT WARNING * * *
You feel yourself speed up.
The gnoll hits you but does no damage. x2
The gnoll shaman hits you with a +0 whip.
You die...

..................#.....#######..
..................#......#...#...
........#####.....#......'...#...
........+...#.....#......#...#...
........#...#...).#....###..###..
..#######...#..[).#....########..
..#.........#.....#..............
..#.........#.....#...)..........
..#.........#..g♣.#..............
..#.........#..gg)#....>.........
..#....##...#.....#..g...........
..#....##...#.....#..............
..'.........#.....#....g.........
..#.........#.....####'##########
..#.........#........g....(...#..
..#######...#.................#..
..#....##...#.................#..


You could see a gnoll shaman and 2 gnolls.

Vanquished Creatures
  Crazy Yiuf (D:2)
  A jelly (D:3)
  An orc priest (D:3)
  An iguana (D:4)
  4 orc wizards
  5 adders
  2 gnolls
  An ufetubus (D:4)
  An adder skeleton (D:4)
  3 dart slugs
  10 orcs
  9 ball pythons
  5 bats
  7 endoplasms
  8 giant cockroaches
  3 goblins
  3 hobgoblins
  9 jackals
  6 kobolds
  3 quokkas
  A quokka skeleton (D:4)
  A rat (D:1)
85 creatures vanquished.

Vanquished Creatures (others)
  A fungus (D:2)
1 creature vanquished.

Grand Total: 86 creatures vanquished

Notes
Turn   | Place    | Note
-------+----------+-------------------------------------------
     0 | D:1      | Gabide the Human Monk began the quest for the Orb.
     0 | D:1      | Reached XP level 1. HP: 18/18 MP: 1/1
    33 | D:1      | Reached XP level 2. HP: 19/24 MP: 2/2
   529 | D:1      | Reached XP level 3. HP: 29/29 MP: 3/3
   735 | D:1      | Reached skill level 4 in Polearms
  1328 | D:2      | Found a faded altar of an unknown god.
  1420 | D:2      | Reached XP level 4. HP: 35/35 MP: 4/4
  1710 | D:2      | Reached skill level 1 in Armour
  2027 | D:2      | Found a runed translucent door.
  2028 | D:2      | Noticed Crazy Yiuf
  2271 | D:2      | Killed Crazy Yiuf
  2272 | D:2      | Reached XP level 5. HP: 16/41 MP: 5/5
  2759 | D:3      | Reached XP level 6. HP: 33/47 MP: 6/6
  2762 | D:3      | Reached skill level 5 in Polearms
  2916 | D:3      | Found a snail-covered altar of Cheibriados.
  3958 | D:4      | Reached XP level 7. HP: 46/52 MP: 7/7
  4214 | D:5      | Entered Level 5 of the Dungeon
  4258 | D:4      | HP: 1/78 [gnoll (4)]
  4259 | D:4      | Slain by a gnoll shaman

Illustrated notes

Levels and vault maps discovered:
D:1:      lemuel_arrival_cross, layout_loops_ring
D:2:      layout_basic, shapermc_ecumenical_altar_ellora, minmay_cupped,
          uniq_crazy_yiuf_cottage
D:3:      layout_rooms, mainiacjoe_overflow_alcove_2
D:4:      layout_gridville
D:5:      layout_rooms, minmay_temple_entry_waves, serial_shops, shop

Skill      XL: |  1  2  3  4  5  6  7 |
---------------+----------------------+-----
Polearms       | 4 5 |  5.3
Armour         | 1 2 3 4 |  4.0
Fighting       | |  3.6
Staves         | |  0.5
Dodging        | |  3.1
Stealth        | |  2.2

Action                   |  1- 3 |  4- 6 |  7- 9 || total
-------------------------+-------+-------+-------++-------
Melee: Spear             |   113 |   272 |    11 ||   396
       Quarterstaff      |       |    30 |     7 ||    37
  Use: Scroll            |     1 |     3 |     1 ||     5
       Potion            |       |     1 |     2 ||     3
 Stab: Sleeping          |     3 |       |       ||     3
Armor: Robe              |     9 |       |       ||     9
       Chain mail        |    12 |   173 |    31 ||   216
       Skin              |       |       |    21 ||    21
Dodge: Dodged            |    67 |    91 |    18 ||   176
